Map: Frostline LE

Players

MKLOL

  • Race: Protoss Protoss
  • League: Diamond
  • Spawn Location: 7:00

Red - Winner!

  • Race: Terran Terran
  • League: Master
  • Spawn Location: 1:00

VOD

Have the link to the VOD?

Description

Time

  • Played on: April 25, 2025, 9:47 a.m.
  • Length: 9:14
Show
View Real Time Build Order
Export as new Build Order

MKLOL Protoss 

Build Orders: 1 Gate Expand, Blink Stalkers 

Get SALT Encoding   

  12  0:00  Probe  
  13  0:12  Probe  
  14  0:17  Pylon  
  14  0:25  Probe  
  15  0:34  Probe  
  15  0:35  Gateway  
  15  0:42  Probe  
  16  0:44  Assimilator  
  17  0:52  Probe  
  18  1:04  Probe  
  19  1:16  Probe  
  20  1:22  Cybernetics Core  
  20  1:29  Probe  
  21  1:36  Nexus  
  21  1:41  Probe  
  21  1:45  Pylon  
  22  1:53  Adept, Probe  
  23  1:55  Assimilator  
  23  2:04  Warp Gate  
  23  2:05  Probe  
  26  2:15  Adept  
  26  2:17  Probe  
  27  2:29  Probe  
  30  2:32  Twilight Council  
  30  2:43  Stalker  
  30  2:44  Probe  
  33  2:52  Blink  
  33  2:54  Gateway  
  33  2:56  Probe  
  34  3:08  Probe  
  35  3:18  Probe  
  35  3:26  Probe x2  
  37  3:34  Probe  
  37  3:38  Probe  
  37  3:40  Robotics Facility  
  39  3:43  Gateway  
  39  3:46  Probe  
  39  3:50  Probe  
  38  3:58  Probe  
  36  4:02  Probe  
  36  4:11  Stalker x2  
  36  4:12  Probe  
  41  4:18  Probe  
  42  4:24  Probe  
  42  4:30  Probe  
  44  4:31  Pylon  
  44  4:36  Probe  
  45  4:39  Observer  
  46  4:49  Probe x2  
  46  4:52  Stalker x3  
  52  4:54  Pylon  
  54  5:04  Pylon  
  54  5:12  Probe x2  
  54  5:13  Assimilator  
  56  5:17  Stalker x2  
  56  5:19  Stalker  
  62  5:24  Probe x2  
  64  5:33  Pylon  
  64  5:36  Probe x2  
  66  5:48  Probe x2  
  66  5:50  Stalker x2  
  70  6:05  Nexus  
  70  6:06  Pylon  
  70  6:16  Charge  
  70  6:22  Probe x2  
  70  6:24  Stalker x3  
  76  6:31  Shield Battery  
  76  6:34  Probe x2  
  76  6:37  Observer  
  79  6:45  Gateway x2  
  79  6:46  Probe x2  
  81  6:47  Gateway  
  81  6:58  Probe x2  
  81  6:59  Pylon  
  83  7:01  Gateway  
  83  7:04  Gateway  
  83  7:08  Forge  
  83  7:10  Probe, Robotics Bay  
  83  7:11  Probe  
  85  7:17  Pylon  
  85  7:18  Probe  
  86  7:23  Probe  
  86  7:25  Observer  
  87  7:31  Zealot x3  
  93  7:50  Zealot x3  
  93  7:51  Zealot  
  101  8:03  Zealot x4  
  105  8:11  Zealot x2  
  105  8:12  Zealot x2  
  83  8:26  Zealot  
  83  8:27  Zealot x3  
  72  8:34  Zealot x4  
  59  8:50  Zealot x6  
  67  8:57  Gateway  
  67  8:58  Gateway  
  65  9:04  Stalker x2  
Show
View Real Time Build Order
Export as new Build Order

Red Terran - Winner!

Build Orders:  

Get SALT Encoding   

  12  0:00  SCV  
  13  0:13  SCV  
  14  0:19  Supply Depot  
  14  0:25  SCV  
  15  0:40  SCV  
  16  0:42  Barracks  
  16  0:46  Refinery  
  16  0:52  SCV  
  16  0:54  Refinery  
  17  1:04  SCV  
  18  1:17  SCV  
  19  1:31  Reaper, Orbital Command  
  20  1:33  Supply Depot  
  20  1:45  Factory  
  20  1:58  SCV  
  21  2:03  Reaper  
  22  2:11  SCV  
  23  2:23  SCV  
  24  2:30  Hellion  
  24  2:35  SCV  
  27  2:43  Barracks Reactor  
  27  2:44  Supply Depot  
  27  2:47  SCV  
  28  2:55  Command Center  
  28  2:59  SCV  
  28  3:04  Factory Tech Lab  
  29  3:09  Starport  
  29  3:11  SCV  
  30  3:23  SCV  
  31  3:27  Cyclone  
  34  3:36  SCV  
  34  3:37  Barracks  
  34  3:38  Barracks  
  35  3:48  SCV  
  34  3:53  Marine x2  
  36  4:00  SCV  
  37  4:07  Orbital Command  
  37  4:09  Medivac  
  39  4:12  SCV, Siege Tank  
  43  4:20  Bunker  
  43  4:24  SCV  
  43  4:26  Barracks Tech Lab  
  43  4:27  Barracks Tech Lab  
  44  4:35  Marine  
  44  4:36  Marine, SCV  
  44  4:37  SCV  
  48  4:45  Starport Tech Lab  
  48  4:48  SCV  
  48  4:49  SCV  
  48  4:50  Supply Depot  
  50  5:00  SCV  
  50  5:01  SCV  
  50  5:02  Stimpack  
  50  5:03  Combat Shield  
  52  5:09  Supply Depot  
  52  5:10  Engineering Bay  
  52  5:12  Marine x2, Siege Tank, SCV  
  52  5:14  Marauder  
  60  5:21  Marauder  
  60  5:24  Refinery  
  60  5:25  Starport Reactor  
  60  5:26  Refinery  
  60  5:27  Supply Depot  
  62  5:30  SCV x2  
  62  5:31  Marine x2  
  66  5:42  SCV x2  
  67  5:53  Terran Infantry Weapons Level 1  
  67  5:54  SCV x2  
  67  5:57  Marauder x2  
  71  6:06  Barracks, SCV x2  
  71  6:07  Factory Reactor  
  70  6:18  Marauder x2  
  73  6:19  SCV x2  
  73  6:23  Medivac  
  77  6:29  Supply Depot  
  77  6:31  SCV, Medivac, Supply Depot x2  
  77  6:32  SCV  
  81  6:35  Marine x2  
  81  6:37  Concussive Shells  
  85  6:47  Marauder  
  85  6:48  Barracks  
  85  6:49  Barracks  
  85  6:51  Marauder  
  87  6:56  Supply Depot  
  87  6:57  Supply Depot  
  87  6:59  Widow Mine x2  
  91  7:01  Marine x2  
  93  7:09  Marauder  
  93  7:13  Marauder  
  97  7:21  Marine  
  97  7:22  Marine  
  99  7:26  Medivac, Widow Mine x2  
  99  7:27  Medivac  
  107  7:30  Marine  
  107  7:34  Marauder  
  110  7:37  Marine x2  
  110  7:39  Marine x2  
  110  7:43  SCV x2  
  115  7:48  Marauder  
  114  7:55  Marine x3, SCV  
  114  7:57  Marine x2  
  115  8:10  Marauder  
  114  8:12  Marine  
  114  8:13  Marine x2  
  114  8:15  Marine x2  
  105  8:30  Marine x4  
  109  8:34  Marine  
  109  8:35  Marine  
  102  8:47  SCV x2  
  102  8:48  Marine x3  
  102  8:49  Marauder  
  102  8:52  Marine x2  
  113  8:59  SCV x2  
Tags
 
Add a new tag
Caveats
  • Supply blocks, unpowered buildings, or Contaminate may cause inaccurate times.
  • Supply counts are checked every 10 seconds.